[Event "Titled Tuesday Blitz August 22 Late 2023"]
[White "Ardito, Andrew"]
[Black "D`Arruda, Ricardo D."]
[WhiteFideId "2033976"]
[BlackFideId "100692"]
[WhiteElo "2120"]
[BlackElo "2540"]
[Result "0-1"]
[Round "1"]
[TimeControl "180+1"]
[Date "2023.08.22"]
[WhiteClock "0:00:00"]
[BlackClock "0:00:40"]
[Board "205"]

1. Nf3 d5 2. g3 Nf6 3. d3 Nc6 4. Bg2 e5 5. O-O Be7 6. Nbd2 O-O 7. e4 Be6 8. c3 h6 9. b4 a6 10. a4 d4 11. c4 Bxb4 12. Ba3 Bxa3 13. Rxa3 Nd7 14. Nb3 Qe7 15. Qa1 Nc5 16. Ne1 f6 17. f4 Nb4 18. Nxc5 Qxc5 19. Rb3 a5 20. f5 Bd7 21. Rf2 b6 22. Nc2 Nxc2 23. Rxc2 Be8 24. Qa3 Qxa3 25. Rxa3 c5 26. Rb2 Rb8 27. Bf3 Rf7 28. Bh5 Rfb7 29. Bxe8 Rxe8 30. Rab3 Reb8 31. Rb5 Kf7 32. Kg2 g6 33. Kf3 h5 34. h4 gxf5 35. exf5 Ke7 36. Ke4 Kd6 37. Rg2 Kc6 38. g4 hxg4 39. Rxg4 Rh7 40. Rb2 Rbh8 41. Rh2 Kd6 42. Kf3 Ke7 43. Kg3 Kf7 44. Kh3 Rh5 45. Rf2 Rg5 46. Rf3 Rxg4 47. Kxg4 Rg8+ 48. Kh3 Rg1 49. Kh2 Ra1 50. Rg3 Rf1 51. h5 Rxf5 52. Rh3 Kg7 53. Kg3 Kh6 54. Rh4 Rxh5 0-1


[Site "https://www.chess.com"]

[Event "Titled Tuesday Blitz August 22 Late 2023"]
[White "Jovic, Stanoje"]
[Black "Gutierrez Espinosa, Karen"]
[WhiteFideId "905020"]
[BlackFideId "3513238"]
[WhiteElo "2537"]
[BlackElo "2116"]
[Result "1-0"]
[Round "1"]
[TimeControl "180+1"]
[Date "2023.08.22"]
[WhiteClock "0:00:41"]
[BlackClock "0:00:00"]
[Board "206"]

1. c4 c5 2. g3 Nf6 3. Bg2 Nc6 4. Nc3 g6 5. Nf3 Bg7 6. O-O O-O 7. d4 cxd4 8. Nxd4 Nxd4 9. Qxd4 d6 10. Bg5 Be6 11. Qd2 Rb8 12. b3 a6 13. a4 Qa5 14. Rac1 b5 15. axb5 h6 16. Bxh6 axb5 17. Nxb5 Rxb5 18. cxb5 Qxb5 19. Bxg7 Kxg7 20. b4 Rb8 21. Rb1 Bc4 22. Bf3 d5 23. Rfd1 e5 24. e3 Ne4 25. Bxe4 dxe4 26. Qd6 Bd3 27. Rb2 Rb6 28. Qd8 Rf6 29. Rc1 g5 30. Qe7 g4 31. Qc5 Qa4 32. Qxe5 Qa3 33. b5 Qa4 34. b6 1-0


[Site "https://www.chess.com"]

[Event "Titled Tuesday Blitz August 22 Late 2023"]
[White "TrashinalMaster"]
[Black "Lawson, Eric"]
[BlackFideId "2604116"]
[WhiteElo "2110"]
[BlackElo "2537"]
[Result "1-0"]
[Round "1"]
[TimeControl "180+1"]
[Date "2023.08.22"]
[WhiteClock "0:00:42"]
[BlackClock "0:00:18"]
[Board "207"]

1. e4 c5 2. Nf3 d6 3. d4 cxd4 4. Nxd4 Nf6 5. Nc3 a6 6. h3 h5 7. Bc4 g6 8. Nf3 Qc7 9. Bb3 Nc6 10. Ng5 e6 11. Be3 Bg7 12. Qe2 b5 13. O-O-O Na5 14. Bd4 b4 15. Ba4+ Kf8 16. Nb1 Bd7 17. Bxd7 Nxd7 18. Bxg7+ Kxg7 19. Qd2 Nc4 20. Qd4+ e5 21. Qd5 Ndb6 22. Qd3 Na4 23. b3 Ncb2 24. Qxd6 Qa5 25. bxa4 Nxd1 26. Rxd1 Rhd8 27. Qe7 Rxd1+ 28. Kxd1 Qd8+ 29. Qxd8 Rxd8+ 30. Nd2 h4 31. Nf3 Kf6 32. Nxh4 Rc8 33. Nhf3 Rc3 34. Nb3 Ke6 35. Ne1 f5 36. exf5+ gxf5 37. Nd3 a5 38. Nxa5 Ra3 39. Nb3 Kd5 40. Nxb4+ Kc4 41. Nc6 e4 42. Ncd4 f4 43. Ne2 f3 44. gxf3 exf3 45. Ng1 Rxa4 46. Nxf3 Rxa2 47. Kd2 Kd5 48. Nfd4 Ke4 49. f3+ Kf4 50. Kd3 Ra8 51. c4 Rh8 52. c5 Ke5 53. c6 Rxh3 54. Kc4 Kd6 55. Nc5 Rxf3 56. Ne4+ Kc7 57. Kc5 Rf7 58. Nb5+ Kd8 59. Ned6 Rh7 60. Kb6 Rg7 61. Nd4 Ke7 62. N4f5+ Ke6 63. Nxg7+ Kxd6 64. c7 Kd7 65. Kb7 Ke7 66. c8=Q Kf7 67. Qd7+ Kg6 68. Kc6 Kh7 69. Kd5 Kg6 70. Ke5 Kh7 71. Nf5+ Kg6 72. Qg7+ Kh5 73. Nd4 Kh4 74. Kf4 1-0


[Site "https://www.chess.com"]

[Event "Titled Tuesday Blitz August 22 Late 2023"]
[White "Huber, Benedikt"]
[Black "Phillips, Rene"]
[WhiteFideId "12923583"]
[BlackFideId "2056275"]
[WhiteElo "2536"]
[BlackElo "2100"]
[Result "1-0"]
[Round "1"]
[TimeControl "180+1"]
[Date "2023.08.22"]
[WhiteClock "0:00:57"]
[BlackClock "0:00:00"]
[Board "208"]

1. e4 Nc6 2. d4 d5 3. exd5 Qxd5 4. Nf3 Bg4 5. Nc3 Bxf3 6. Nxd5 Bxd1 7. Nxc7+ Kd8 8. Nxa8 Bg4 9. Bf4 e5 10. dxe5 Be6 11. O-O-O+ Kc8 12. Bb5 Nge7 13. Be3 Nd5 14. Bg5 Kb8 15. Bxc6 bxc6 16. c4 Nb4 17. Rd8+ Kb7 18. Be7 Bxe7 19. Rxh8 Bg5+ 20. Kd1 Bg4+ 21. f3 Bc8 22. Ke2 Nc2 23. Rd1 c5 24. Rd5 Nd4+ 25. Kd3 Bf5+ 26. Kc3 Ne2+ 27. Kb3 Nd4+ 28. Ka3 Nc2+ 29. Ka4 Nb4 30. Rdd8 Nc6 31. Rdf8 Bd7 32. Kb3 Nd4+ 33. Kc3 Ne2+ 34. Kd3 Nd4 35. Rxf7 1-0


[Site "https://www.chess.com"]

[Event "Titled Tuesday Blitz August 22 Late 2023"]
[White "Zaczek, Jonathon"]
[Black "Sivakumar, Shaaketh"]
[WhiteFideId "2607123"]
[BlackFideId "30940176"]
[WhiteElo "2095"]
[BlackElo "2534"]
[Result "0-1"]
[Round "1"]
[TimeControl "180+1"]
[Date "2023.08.22"]
[WhiteClock "0:00:00"]
[BlackClock "0:00:20"]
[Board "209"]

1. e4 e6 2. d4 d5 3. Nd2 c5 4. Ngf3 Nc6 5. dxc5 Bxc5 6. Bd3 Nf6 7. e5 Nd7 8. Qe2 Qc7 9. Bb5 O-O 10. Bxc6 bxc6 11. O-O a5 12. a4 Ba6 13. c4 Nb6 14. b3 dxc4 15. Nxc4 Rfd8 16. Bb2 Nxc4 17. bxc4 Rab8 18. Rfd1 Rxd1+ 19. Rxd1 h6 20. Bc3 Bb4 21. Ba1 c5 22. Nd2 Bb7 23. Ne4 Qc6 24. f3 Qxa4 25. Nd6 Bc6 26. Rb1 Qa3 27. f4 a4 28. f5 exf5 29. Nxf5 Bd7 30. e6 Bxe6 31. Nxg7 Re8 32. Nxe8 Bf5 33. Qe5 Kf8 34. Nd6 Be6 35. Nf5 Bxf5 36. Qxf5 Qe3+ 37. Kh1 a3 38. Rf1 Qe7 39. Qh7 Qe6 40. Qh8+ Ke7 41. Qb8 Qxc4 42. Qc7+ Ke8 43. Qc8+ Ke7 44. Bf6+ Kd6 45. Qd8+ Kc6 46. Rd1 Qe6 47. Qe7 Qg4 0-1


[Site "https://www.chess.com"]

[Event "Titled Tuesday Blitz August 22 Late 2023"]
[White "Jaskolka, Tomasz"]
[Black "Hartikainen, Jarmo"]
[WhiteFideId "1170791"]
[BlackFideId "503134"]
[WhiteElo "2533"]
[BlackElo "2092"]
[Result "0-1"]
[Round "1"]
[TimeControl "180+1"]
[Date "2023.08.22"]
[WhiteClock "0:00:00"]
[BlackClock "0:00:09"]
[Board "210"]

1. e4 c5 2. Nf3 Nc6 3. d4 cxd4 4. Nxd4 Nf6 5. Nc3 d6 6. Bg5 Bd7 7. Be2 a6 8. O-O e6 9. Qd2 Be7 10. Rad1 Qc7 11. Kh1 O-O 12. f4 Rfe8 13. Qe3 b5 14. e5 dxe5 15. fxe5 Nxe5 16. Bf4 Neg4 17. Bxg4 Nxg4 18. Qg3 e5 19. Nd5 exf4 20. Rxf4 Qd6 21. Nf3 Qe6 22. Nc7 Qe2 23. Re1 Nf2+ 24. Kg1 Bc5 25. Rxe2 Rxe2 26. Nd4 Ne4 0-1


[Site "https://www.chess.com"]

[Event "Titled Tuesday Blitz August 22 Late 2023"]
[White "Keleberda, Tymur"]
[Black "Joubert, Dantelle"]
[WhiteFideId "14174294"]
[BlackFideId "14310813"]
[WhiteElo "2532"]
[BlackElo "2068"]
[Result "1-0"]
[Round "1"]
[TimeControl "180+1"]
[Date "2023.08.22"]
[WhiteClock "0:00:13"]
[BlackClock "0:00:20"]
[Board "212"]

1. d4 d5 2. c4 e6 3. Nc3 Nf6 4. Bg5 Be7 5. cxd5 Nxd5 6. Bxe7 Qxe7 7. Nf3 O-O 8. e4 Nxc3 9. bxc3 c5 10. Bd3 cxd4 11. cxd4 Qb4+ 12. Kf1 h6 13. Rb1 Qe7 14. g3 Nc6 15. Kg2 Rd8 16. Bc2 b6 17. Re1 Bb7 18. Qd2 Rac8 19. Rbd1 Qb4 20. d5 Qxd2 21. Rxd2 Nb4 22. Bb3 exd5 23. Red1 Rc5 24. a3 Rc3 25. Rb1 Rxf3 26. Kxf3 dxe4+ 27. Ke3 Nd5+ 28. Bxd5 Rxd5 29. Rxd5 Bxd5 30. Rd1 Bc6 31. Rd6 Bb5 32. Rd8+ Kh7 33. Kxe4 Kg6 34. f4 Bc6+ 35. Ke5 f6+ 36. Kd6 Bf3 37. Rd7 a5 38. Ra7 Be2 39. Kc6 b5 40. Rxa5 Kf5 41. a4 Kg4 42. axb5 Kh3 43. Ra2 Bf3+ 44. Kc7 Bg2 45. b6 Kxh2 46. Rxg2+ Kxg2 47. b7 Kxg3 48. b8=Q h5 49. Qh8 g5 50. f5 h4 51. Qxf6 g4 52. Qe5+ Kg2 53. Qf4 Kh3 54. f6 g3 55. f7 g2 56. Qf3+ Kh2 57. Qf2 Kh1 58. f8=Q h3 59. Q8f3 Kh2 60. Q3g3+ Kh1 61. Qxh3# 1-0


[Site "https://www.chess.com"]

[Event "Titled Tuesday Blitz August 22 Late 2023"]
[White "Navyblue1"]
[Black "Ansh M Shah"]
[BlackFideId "25033379"]
[WhiteElo "2024"]
[BlackElo "2532"]
[Result "0-1"]
[Round "1"]
[TimeControl "180+1"]
[Date "2023.08.22"]
[WhiteClock "0:00:08"]
[BlackClock "0:00:12"]
[Board "213"]

1. d4 Nf6 2. c4 e6 3. Nc3 c5 4. d5 exd5 5. cxd5 d6 6. e4 g6 7. Be2 Bg7 8. Nf3 Bg4 9. Nd2 Bxe2 10. Qxe2 O-O 11. O-O Nbd7 12. Nc4 Nb6 13. Re1 Re8 14. Nxb6 Qxb6 15. Qc4 a6 16. f3 Nd7 17. Qe2 Qc7 18. a4 Rab8 19. a5 Bd4+ 20. Be3 Bxe3+ 21. Qxe3 b5 22. axb6 Rxb6 23. Re2 Reb8 24. Ra2 Ne5 25. f4 Nc4 26. Qc1 Rb4 27. h3 Na5 28. Kh2 Nb3 29. Qc2 Nd4 30. Qd3 Nxe2 31. Qxe2 Qb6 32. Rxa6 Qb7 33. Ra2 Rxb2 34. Rxb2 Qxb2 35. Qxb2 Rxb2 36. e5 dxe5 37. fxe5 Kf8 38. d6 Ke8 39. Ne4 Kd7 40. Nxc5+ Kd8 41. Ne4 h5 42. Ng5 Ke8 43. h4 Re2 44. Nf3 Kd7 45. Kg3 Ra2 46. Kh3 f6 47. exf6 Kxd6 48. Kg3 Ke6 49. f7 Kxf7 50. Ng5+ Kf6 51. Nf3 Kf5 52. Nd4+ Kf6 53. Nf3 Ra3 54. Kh2 Kf5 55. Kg3 Rc3 56. Kf2 Kg4 57. Ne5+ Kf5 58. Nf3 Kf4 59. g3+ Ke4 60. Ng5+ Kf5 61. Kg2 Ra3 62. Kf2 Kg4 63. Ne4 Rf3+ 64. Kg2 Re3 65. Nf6+ Kf5 66. Nh7 Re4 67. Ng5 Rg4 68. Kf3 Rxg5 69. hxg5 Kxg5 70. Kf2 Kg4 71. Kg2 g5 72. Kf2 Kh3 73. Kf3 g4+ 74. Kf4 Kg2 75. Kg5 Kxg3 76. Kxh5 Kf3 77. Kh4 g3 78. Kh3 Kf2 0-1


[Site "https://www.chess.com"]

[Event "Titled Tuesday Blitz August 22 Late 2023"]
[White "ATM622"]
[Black "Djordjevic, Dejan N"]
[BlackFideId "913316"]
[WhiteElo "2531"]
[BlackElo "2021"]
[Result "1-0"]
[Round "1"]
[TimeControl "180+1"]
[Date "2023.08.22"]
[WhiteClock "0:00:07"]
[BlackClock "0:00:00"]
[Board "214"]

1. d4 Nf6 2. c4 g6 3. g3 Bg7 4. Bg2 d6 5. Nf3 O-O 6. O-O Nc6 7. Nc3 a6 8. d5 Na5 9. Nd2 c5 10. e4 Rb8 11. a4 Bd7 12. Re1 Ne8 13. Qc2 e6 14. f4 exd5 15. Nxd5 Nc6 16. Nf3 b5 17. axb5 axb5 18. cxb5 Rxb5 19. e5 dxe5 20. fxe5 Nc7 21. Bg5 Qb8 22. Nf6+ Bxf6 23. Bxf6 Rxb2 24. Qc1 Ne8 25. Qh6 Nd4 26. Ng5 Rxg2+ 27. Kxg2 Qb2+ 28. Kg1 Nf3+ 29. Nxf3 Bc6 30. Qe3 Nxf6 31. exf6 Qxf6 32. Ne5 Bb7 33. Rf1 Qe6 34. Rad1 c4 35. Qf4 Qh3 36. Qf2 c3 37. Nf3 Rc8 38. Rc1 c2 39. Ng5 Bd5 40. Nxh3 1-0


[Site "https://www.chess.com"]

[Event "Titled Tuesday Blitz August 22 Late 2023"]
[White "Adan Bermudez, Sergio"]
[Black "ElDivis"]
[WhiteFideId "2292726"]
[WhiteElo "1992"]
[BlackElo "2531"]
[Result "0-1"]
[Round "1"]
[TimeControl "180+1"]
[Date "2023.08.22"]
[WhiteClock "0:00:00"]
[BlackClock "0:00:33"]
[Board "215"]

1. d4 Nf6 2. Nc3 d5 3. Bf4 e6 4. e3 Bb4 5. Bd3 O-O 6. Nf3 c5 7. dxc5 Nc6 8. Bd6 Re8 9. O-O b6 10. Bb5 Bd7 11. Bxc6 Bxc6 12. Ne5 Rc8 13. Qd4 bxc5 14. Bxc5 Bxc5 15. Qxc5 Nd7 16. Qd4 Nxe5 17. Qxe5 f6 18. Qd4 Qe7 19. a4 Red8 20. Nb5 a6 21. Na7 Rc7 22. Nxc6 Rxc6 23. c3 Qb7 24. Rfb1 Rc4 25. Qd3 Qb3 26. Qd1 Rb8 27. Qxb3 Rxb3 28. Kf1 h5 29. Ke2 h4 30. Kd3 Rg4 31. g3 hxg3 32. hxg3 Kf7 33. Kc2 Rb8 34. b4 Rc4 35. b5 a5 36. Kd3 e5 37. b6 Ke6 38. Rb5 Rc6 39. Rab1 Rbc8 40. R1b3 Rb8 41. b7 Rc7 42. Rxa5 Rcxb7 43. Ra6+ Kf5 44. Rxb7 Rxb7 45. Rd6 Rb2 46. Rxd5 Rxf2 47. a5 Ra2 48. Kc4 Ke4 0-1


[Site "https://www.chess.com"]

[Event "Titled Tuesday Blitz August 22 Late 2023"]
[White "Grossboss19"]
[Black "Buker, Muhittin"]
[BlackFideId "6301770"]
[WhiteElo "2530"]
[BlackElo "1984"]
[Result "1-0"]
[Round "1"]
[TimeControl "180+1"]
[Date "2023.08.22"]
[WhiteClock "0:00:55"]
[BlackClock "0:00:05"]
[Board "216"]

1. e4 e5 2. Nf3 Nc6 3. Bb5 a6 4. Ba4 Nf6 5. d3 Bc5 6. O-O b5 7. Bb3 d6 8. c3 h6 9. a4 Rb8 10. h3 O-O 11. Nbd2 b4 12. Bc2 Ba7 13. Nc4 Be6 14. Ne3 Qc8 15. Kh2 Nh7 16. Nd5 f5 17. c4 f4 18. b3 Nd4 19. Ne7+ Kh8 20. Nxc8 Rbxc8 21. Nxd4 Bxd4 22. Ra2 g5 23. f3 h5 24. Bd2 a5 25. Be1 g4 26. fxg4 hxg4 27. hxg4 Kg7 28. Bf2 Bc3 29. Rh1 Ng5 30. d4 f3 31. Qc1 Kg6 32. Bh4 Nh7 33. d5 Bxg4 34. Bd1 Bd4 35. gxf3 Bxf3 36. Bxf3 Rxf3 37. Rg2+ Kh5 38. Rg7 Be3 39. Qd1 Rf8 40. Rf1 Kh6 41. Rxf3 Kxg7 42. Rxe3 1-0


[Site "https://www.chess.com"]

[Event "Titled Tuesday Blitz August 22 Late 2023"]
[White "miraitrunks"]
[Black "Janaszak, Dawid"]
[BlackFideId "1119206"]
[WhiteElo "1963"]
[BlackElo "2529"]
[Result "1/2-1/2"]
[Round "1"]
[TimeControl "180+1"]
[Date "2023.08.22"]
[WhiteClock "0:00:27"]
[BlackClock "0:00:19"]
[Board "217"]

1. e4 c5 2. Nc3 Nc6 3. Nge2 g6 4. d3 Bg7 5. Be3 d6 6. g3 e5 7. Bg2 Nge7 8. O-O O-O 9. f4 f5 10. fxe5 dxe5 11. Bxc5 b6 12. Bxe7 Qxe7 13. exf5 gxf5 14. Bxc6 Qc5+ 15. d4 Qxc6 16. d5 Qc5+ 17. Kg2 Bb7 18. Qd3 Rad8 19. Rxf5 Rxf5 20. Qxf5 Bxd5+ 21. Nxd5 Qxd5+ 22. Qf3 e4 23. Qb3 Qxb3 24. axb3 Rd2 25. Kf2 a5 26. b4 Bxb2 27. Ra4 Rxc2 28. bxa5 bxa5 29. Rxa5 Bc1 30. Re5 e3+ 31. Kf1 Bd2 32. Nf4 Rb2 33. Nd5 Rb1+ 34. Ke2 Rh1 35. Nxe3 Rxh2+ 36. Kf3 Bc3 37. Re8+ Kf7 38. Rc8 Bd4 39. Nf5 Bf6 40. Nd6+ Ke6 41. Ne4 Be5 42. Re8+ Kd5 43. Rd8+ Ke6 44. Re8+ Kd5 45. Rd8+ Ke6 46. Re8+ 1/2-1/2


[Site "https://www.chess.com"]

[Event "Titled Tuesday Blitz August 22 Late 2023"]
[White "Ballester Llagaria, Luis Eduardo"]
[Black "Castillo Pena, Patricia Evarista"]
[WhiteFideId "2297620"]
[BlackFideId "6412106"]
[WhiteElo "2528"]
[BlackElo "1942"]
[Result "1-0"]
[Round "1"]
[TimeControl "180+1"]
[Date "2023.08.22"]
[WhiteClock "0:01:42"]
[BlackClock "0:00:09"]
[Board "218"]

1. e4 c5 2. Nc3 Nc6 3. Bb5 Nd4 4. Nf3 a6 5. Bd3 g6 6. O-O Bg7 7. Re1 d6 8. Nxd4 cxd4 9. Ne2 e5 10. c3 dxc3 11. dxc3 Ne7 12. Be3 O-O 13. c4 Bg4 14. f3 Be6 15. Nc3 Rc8 16. b3 Qa5 17. Qd2 Rfe8 18. Rac1 b5 19. cxb5 axb5 20. Nxb5 Qxd2 21. Bxd2 d5 22. Nc7 Red8 23. Bg5 Rd7 24. Bxe7 Rdxc7 25. Rxc7 Rxc7 26. exd5 Rxe7 27. dxe6 Rxe6 28. a4 Rb6 29. Bc4 Kf8 30. a5 Rb7 31. a6 Ra7 32. b4 f5 33. b5 Ke7 34. b6 Ra8 35. b7 1-0


[Site "https://www.chess.com"]

[Event "Titled Tuesday Blitz August 22 Late 2023"]
[White "Vovk, Orest"]
[Black "Burke, Paul"]
[WhiteFideId "14113490"]
[BlackFideId "2605767"]
[WhiteElo "2526"]
[BlackElo "1857"]
[Result "1-0"]
[Round "1"]
[TimeControl "180+1"]
[Date "2023.08.22"]
[WhiteClock "0:00:35"]
[BlackClock "0:00:09"]
[Board "220"]

1. h4 a6 2. h5 d6 3. d4 Nd7 4. Nc3 h6 5. e4 e5 6. Nf3 Be7 7. dxe5 dxe5 8. Bc4 Ngf6 9. Qe2 O-O 10. Bd2 c6 11. O-O-O Qc7 12. g4 Nxg4 13. Rdg1 Ndf6 14. Nh4 b5 15. Bb3 b4 16. Na4 Nxh5 17. Rxg4 Bxg4 18. Qxg4 Nf4 19. Bxf4 exf4 20. Nf5 Bg5 21. Rxh6 gxh6 22. Nxh6+ Kh7 23. Qxg5 Rg8 24. Nxg8 Rxg8 25. Qh5+ Kg7 26. Nc5 Rh8 27. Qg5+ Kf8 28. Kd2 Qd6+ 29. Nd3 f3 30. Qc5 Ke7 31. Qxd6+ Kxd6 32. Bxf7 Rh2 33. Ke3 c5 34. Kxf3 Rh8 35. Ke3 Rf8 36. Bc4 a5 37. e5+ Kc6 38. f4 Kb6 39. e6 1-0


[Site "https://www.chess.com"]

[Event "Titled Tuesday Blitz August 22 Late 2023"]
[White "Nakamura, Hikaru"]
[Black "Shuvalova, Polina"]
[WhiteFideId "2016192"]
[BlackFideId "24171760"]
[WhiteElo "3222"]
[BlackElo "2652"]
[Result "1-0"]
[Round "2"]
[TimeControl "180+1"]
[Date "2023.08.22"]
[WhiteClock "0:02:04"]
[BlackClock "0:00:31"]
[Board "1"]

1. Nf3 d5 2. b3 Nf6 3. e3 c5 4. Bb2 Nc6 5. Bb5 Bd7 6. O-O g6 7. Bxf6 exf6 8. d4 a6 9. Bxc6 bxc6 10. Nc3 f5 11. Na4 cxd4 12. exd4 Be7 13. Ne5 Ra7 14. Nc5 Bxc5 15. dxc5 O-O 16. Qd4 a5 17. Rfe1 a4 18. b4 Rb7 19. a3 Qc7 20. Re3 Rbb8 21. h4 h5 22. c4 Rbd8 23. cxd5 cxd5 24. Rae1 f4 25. Qxf4 Bf5 26. Nxg6 Qxf4 27. Nxf4 d4 28. Rg3+ Kh7 29. Rg5 Bg6 30. Nxg6 fxg6 31. c6 d3 32. c7 Rd7 33. Rc5 Rc8 34. Rd1 Rdxc7 35. Rxc7+ Rxc7 36. Rxd3 Rc1+ 37. Kh2 Rb1 38. Rd7+ Kh6 39. Ra7 1-0


[Site "https://www.chess.com"]

[Event "Titled Tuesday Blitz August 22 Late 2023"]
[White "Ehlvest, Jaan"]
[Black "Naroditsky, Daniel"]
[WhiteFideId "4500016"]
[BlackFideId "2026961"]
[WhiteElo "2651"]
[BlackElo "3171"]
[Result "0-1"]
[Round "2"]
[TimeControl "180+1"]
[Date "2023.08.22"]
[WhiteClock "0:00:00"]
[BlackClock "0:00:21"]
[Board "2"]

1. e4 Nf6 2. e5 Nd5 3. d4 d6 4. c4 Nb6 5. exd6 exd6 6. Nc3 Be7 7. Bd3 O-O 8. h3 Bf6 9. Nge2 Nc6 10. O-O Re8 11. a3 Bg5 12. f4 Bf6 13. d5 Ne7 14. Qc2 Ng6 15. Ne4 c6 16. dxc6 bxc6 17. Bd2 Bf5 18. N2g3 Bxe4 19. Nxe4 Bd4+ 20. Kh1 d5 21. cxd5 cxd5 22. Ng5 Rc8 23. Qd1 Nd7 24. Rb1 Nf6 25. b4 h6 26. Nf3 Bb6 27. Bf5 Rc4 28. Bxg6 fxg6 29. Ne5 Rd4 30. Qc2 Ne4 31. Be1 Qf6 32. Qe2 g5 33. Rf3 gxf4 34. Ng4 Qg6 35. Qf1 Ng5 36. Rxf4 Rxf4 37. Qxf4 Qxb1 0-1


[Site "https://www.chess.com"]

[Event "Titled Tuesday Blitz August 22 Late 2023"]
[White "Nihal Sarin"]
[Black "Filipascu"]
[WhiteFideId "25092340"]
[WhiteElo "3155"]
[BlackElo "2649"]
[Result "1-0"]
[Round "2"]
[TimeControl "180+1"]
[Date "2023.08.22"]
[WhiteClock "0:00:50"]
[BlackClock "0:00:24"]
[Board "3"]

1. g3 d5 2. Bg2 Nf6 3. Nf3 Bf5 4. O-O c6 5. c4 e6 6. cxd5 cxd5 7. Nc3 Nc6 8. d3 h6 9. Qb3 Qd7 10. Bf4 Be7 11. Rac1 O-O 12. Ne5 Nxe5 13. Bxe5 Rfc8 14. Qb5 Qxb5 15. Nxb5 Ne8 16. f4 a6 17. Nd4 Bh7 18. Nb3 f6 19. Bd4 Kf7 20. Na5 Nd6 21. Kf2 Bd8 22. Nb3 Be7 23. Bf3 Nb5 24. Bb6 Nd6 25. Na5 Bg6 26. g4 Kf8 27. f5 exf5 28. gxf5 Bxf5 29. Bxd5 Bh3 30. Rg1 f5 31. Bd4 g5 32. Nxb7 Rxc1 33. Rxc1 Rb8 34. Nxd6 Bxd6 35. Rc6 Ke7 36. Rxa6 h5 37. Ra7+ Kf8 38. Bg7+ Ke8 39. Bf7+ Kd8 40. Bf6+ Kc8 41. Be6# 1-0


[Site "https://www.chess.com"]

[Event "Titled Tuesday Blitz August 22 Late 2023"]
[White "Zhu, Jiner"]
[Black "Vachier-Lagrave, Maxime"]
[WhiteFideId "8608059"]
[BlackFideId "623539"]
[WhiteElo "2648"]
[BlackElo "3131"]
[Result "1/2-1/2"]
[Round "2"]
[TimeControl "180+1"]
[Date "2023.08.22"]
[WhiteClock "0:00:08"]
[BlackClock "0:00:26"]
[Board "4"]

1. e4 e5 2. Nf3 Nc6 3. Bb5 a6 4. Ba4 Nf6 5. O-O Bc5 6. c3 b5 7. Bb3 d6 8. d4 Bb6 9. a4 Rb8 10. a5 Ba7 11. h3 O-O 12. Be3 Ra8 13. Nbd2 h6 14. Re1 Re8 15. Nf1 exd4 16. Nxd4 Nxd4 17. Bxd4 Bb7 18. Bxa7 Rxa7 19. f3 c5 20. Ng3 Bc8 21. Qd2 c4 22. Bc2 Rae7 23. Rad1 d5 24. exd5 Rxe1+ 25. Rxe1 Rxe1+ 26. Qxe1 Qxa5 27. Qe7 Qb6+ 28. Kh1 g6 29. Ne4 Nxd5 30. Qe8+ Kg7 31. Qxc8 Qe3 32. Qb8 Qe1+ 33. Kh2 Ne3 34. Qe5+ Kf8 35. Qb8+ Kg7 36. Qe5+ Kf8 37. Qb8+ Kg7 1/2-1/2


[Site "https://www.chess.com"]

[Event "Titled Tuesday Blitz August 22 Late 2023"]
[White "So, Wesley"]
[Black "Mendez Fortes, Eduardo Jesus"]
[WhiteFideId "5202213"]
[BlackFideId "3502376"]
[WhiteElo "3092"]
[BlackElo "2641"]
[Result "1-0"]
[Round "2"]
[TimeControl "180+1"]
[Date "2023.08.22"]
[WhiteClock "0:01:19"]
[BlackClock "0:00:15"]
[Board "5"]

1. b3 d5 2. Bb2 Nf6 3. Nf3 e6 4. e3 c5 5. d4 Nc6 6. Bd3 b6 7. O-O Bd6 8. Nbd2 O-O 9. Ne5 Bb7 10. Qf3 cxd4 11. exd4 Nb4 12. a3 Nxd3 13. Qxd3 Ne4 14. Nxe4 dxe4 15. Qe2 Bxe5 16. dxe5 Qg5 17. Rad1 Rfd8 18. Rd6 Rxd6 19. exd6 Rd8 20. Rd1 h5 21. h3 b5 22. Bc1 Qc5 23. Be3 Qe5 24. Bxa7 Rxd6 25. Rxd6 Qxd6 26. Qxb5 Qd1+ 27. Kh2 Qd6+ 28. Kg1 Qd1+ 29. Kh2 Qd6+ 30. g3 h4 31. Qxb7 hxg3+ 32. Kg2 Qf4 33. Qb8+ 1-0


[Site "https://www.chess.com"]

[Event "Titled Tuesday Blitz August 22 Late 2023"]
[White "Turayev, Shahruh"]
[Black "Firouzja, Alireza"]
[WhiteFideId "14003856"]
[BlackFideId "12573981"]
[WhiteElo "2634"]
[BlackElo "3089"]
[Result "0-1"]
[Round "2"]
[TimeControl "180+1"]
[Date "2023.08.22"]
[WhiteClock "0:00:04"]
[BlackClock "0:00:04"]
[Board "6"]

1. e4 c5 2. Nc3 d6 3. f4 g6 4. Nf3 Bg7 5. Bc4 Nc6 6. O-O e6 7. d3 Nge7 8. Qe1 a6 9. a4 Nb4 10. Bb3 O-O 11. f5 exf5 12. Qh4 d5 13. Bg5 f6 14. exd5 Nexd5 15. Be3 b6 16. a5 Be6 17. Nxd5 Bxd5 18. axb6 Qxb6 19. Bxd5+ Nxd5 20. Qc4 Qb7 21. Bxc5 Rfc8 22. d4 Kh8 23. Rfe1 f4 24. Re6 Ne3 25. Qd3 Qxb2 26. Qa3 Qxc2 27. Qa2 Qf5 28. Re7 Rab8 29. Qf7 Rg8 30. h3 Qc2 31. Ne1 Qe2 32. d5 Qf1+ 33. Kh2 Nf5 34. Rd7 Ng3 35. Bg1 Ne2 36. Bd4 Nxd4 37. Nc2 Nf3+ 38. gxf3 Qf2+ 39. Kh1 Qxc2 40. Re1 Qf5 41. Rb7 Qxh3+ 42. Kg1 Qg3+ 43. Kf1 Qxf3+ 44. Kg1 Qg3+ 45. Kf1 Rxb7 46. Qxb7 f3 47. Qb2 f5 48. Qc2 Rd8 49. d6 Qh3+ 50. Kg1 Bd4+ 0-1


[Site "https://www.chess.com"]

[Event "Titled Tuesday Blitz August 22 Late 2023"]
[White "Duda, Jan-Krzysztof"]
[Black "Jakubowski, Krzysztof"]
[WhiteFideId "1170546"]
[BlackFideId "1112848"]
[WhiteElo "3085"]
[BlackElo "2633"]
[Result "1-0"]
[Round "2"]
[TimeControl "180+1"]
[Date "2023.08.22"]
[WhiteClock "0:00:18"]
[BlackClock "0:00:48"]
[Board "7"]

1. b3 d5 2. Bb2 Bf5 3. Nf3 e6 4. e3 h6 5. d3 Nf6 6. Nbd2 Bh7 7. h3 a5 8. a4 c5 9. g4 Nc6 10. Rg1 d4 11. Nc4 Nd5 12. Qe2 Ndb4 13. Bg2 Be7 14. Bh1 Rb8 15. Na3 O-O 16. h4 Bxh4 17. Nxh4 Qxh4 18. O-O-O Na2+ 19. Kb1 Nc3+ 20. Bxc3 dxc3 21. Bxc6 bxc6 22. Ka2 Rb4 23. f4 Rfb8 24. g5 Qh3 25. e4 h5 26. Rh1 Qg4 27. Qe3 Qg2 28. Rdg1 Rxb3 29. Rxg2 Rb2+ 30. Ka1 R8b4 31. Qxc5 Rxa4 32. Qxc3 1-0


[Site "https://www.chess.com"]

[Event "Titled Tuesday Blitz August 22 Late 2023"]
[White "OPQRC"]
[Black "Sarana, Alexey"]
[BlackFideId "24133795"]
[WhiteElo "2632"]
[BlackElo "3067"]
[Result "0-1"]
[Round "2"]
[TimeControl "180+1"]
[Date "2023.08.22"]
[WhiteClock "0:01:37"]
[BlackClock "0:02:20"]
[Board "8"]

1. e4 c5 2. Nf3 d6 3. d4 cxd4 4. Nxd4 Nf6 5. Nc3 a6 6. Bg5 e6 7. f4 Qb6 8. Qd2 Qxb2 9. Rb1 Qa3 10. e5 Nfd7 11. Ne4 d5 12. Nd6+ Bxd6 13. exd6 Qxd6 14. Be2 Nc6 15. Nxc6 bxc6 16. O-O O-O 17. Kh1 a5 18. Rb3 f6 19. Rg3 fxg5 20. Rxg5 0-1


[Site "https://www.chess.com"]

[Event "Titled Tuesday Blitz August 22 Late 2023"]
[White "Garcia Blanco, Omar"]
[Black "Dubov, Daniil"]
[WhiteFideId "2287153"]
[BlackFideId "24126055"]
[WhiteElo "2629"]
[BlackElo "3047"]
[Result "1/2-1/2"]
[Round "2"]
[TimeControl "180+1"]
[Date "2023.08.22"]
[WhiteClock "0:00:43"]
[BlackClock "0:00:53"]
[Board "9"]

1. e4 c5 2. c3 d5 3. exd5 Qxd5 4. d4 cxd4 5. cxd4 Nc6 6. Nf3 e5 7. Nc3 Bb4 8. Bd2 Bxc3 9. Bxc3 e4 10. Ne5 Nxe5 11. dxe5 Ne7 12. Qa4+ Bd7 13. Qa3 Qe6 14. Qb4 O-O 15. Qxe4 Bc6 16. Qh4 Rad8 17. Bc4 Qg6 18. Qxe7 Qe4+ 19. Be2 Bb5 20. O-O Bxe2 21. Rfe1 Qg4 22. h3 Qh5 23. Qxb7 Rfe8 24. Qe4 Bd3 25. Qg4 Qg6 26. Qxg6 hxg6 27. Rad1 Bc4 28. a3 Bb3 29. Rxd8 Rxd8 30. f4 Rd3 31. Kf2 Bd5 32. Re2 Kf8 33. Rd2 Rxd2+ 34. Bxd2 Ke7 35. g3 Bb3 36. Ke3 Kd7 37. g4 Bd5 38. g5 Be6 39. h4 Bb3 40. Bb4 Ke6 41. Bf8 Kf5 42. Bxg7 Kg4 43. Bf6 Be6 44. b4 Kxh4 45. a4 Bb3 46. a5 Bc4 47. Be7 Kg4 48. Bc5 a6 49. Be7 Kf5 1/2-1/2


[Site "https://www.chess.com"]